 Dungeon Crawl Stone Soup version 0.30.1-4-g462c640d31 (webtiles) character file.

Game seed: 9897315930582079607

2945 Ivernyr the Fighter (level 10, -10/78 HPs)
             Began as a Djinni Fire Elementalist on Sept 15, 2023.
             Was an Initiate of Ashenzari.
             Killed from afar by a gargoyle (19 damage)
             ... with a stone arrow
             ... on level 7 of the Dungeon.
             The game lasted 00:28:47 (7001 turns).

Ivernyr the Fighter (Djinni Fire Elementalist)      Turns: 7001, Time: 00:28:47

Health: -10/78     AC: 10    Str:  5    XL:     10   Next: 7%
Gold:   465        EV: 11    Int: 23    God:    Ashenzari [......] SH:  0 Dex: 15

rFire   + + +        a - +1 dagger (venom)
rCold   x . .        (no shield)
rNeg    . . .        y - +1 ring mail of Ashenzari's Visionary {rF+++ rCorr Str-2 Int+3, Fort, Melee} (curse)
rPois   ∞            (no helmet)
rElec   .            A - +2 cloak
rCorr   +            (no gloves)
SInv    .            (boots unavailable)
Will    +....        (no amulet)
Stlth   +            (no ring)
HPRegen 0.33/turn    (no ring)
MPRegen 0.00/turn

%: infuse magic (-11 HP)
@: about to teleport, flying
A: sickness immunity, fire resistance 2, cold vulnerability 1, float, innate
caster, HP casting, extra vitality 1
a: Renounce Religion, Shatter the Chains


You were on level 7 of the Dungeon.
You worshipped Ashenzari.
Ashenzari was noncommittal.
You visited 1 branch of the dungeon, and saw 7 of its levels.

You collected 465 gold pieces.

Inventory:

Hand Weapons
 a - a +1 dagger of venom (weapon)
Armour
 y - the cursed +1 ring mail of Ashenzari's Visionary (worn) {rF+++ rCorr Str-2 Int+3, Fort, Melee}
   (You found it on level 6 of the Dungeon)

   Str:       It affects your strength (-2).
   Int:       It affects your intelligence (+3).
   rF:        It renders you almost immune to fire.
   rCorr:     It protects you from acid and corrosion.
   It has a curse which improves the following skills: Fortitude: Armour and
   Shields.
   Melee Combat: Short Blades, Long Blades, Axes, Maces & Flails, Polearms,
   Staves and Unarmed Combat.
 A - a +2 cloak (worn)
Jewellery
 n - the ring "Xiatonuv" {rElec rC- rN+ Dex+6}
   (You found it on level 4 of the Dungeon)

   [ring of positive energy]

   Dex:       It affects your dexterity (+6).
   rC:        It makes you vulnerable to cold.
   rElec:     It insulates you from electricity.
   rN:        It protects you from negative energy.
 v - an amulet of the acrobat
Wands
 o - a wand of polymorph (20)
 r - a wand of flame (39)
 z - a wand of paralysis (6)
Scrolls
 b - 3 scrolls of identify {unknown}
 c - a scroll of silence {unknown}
 d - 2 scrolls of fog {unknown}
 f - 3 scrolls of magic mapping {unknown}
 g - a scroll of enchant armour {unknown}
 i - a scroll of noise {unknown}
 j - a scroll of acquirement {unknown}
 l - 3 scrolls of teleportation
 m - 2 scrolls of enchant weapon {unknown}
 p - a scroll of butterflies {unknown}
 q - a scroll of vulnerability {unknown}
 w - a scroll of blinking {unknown}
Potions
 e - a potion of lignification
 h - a potion of haste {unknown}
 k - 3 potions of heal wounds {unknown}
 s - 2 potions of attraction {unknown}
 t - a potion of ambrosia {unknown}
 u - 2 potions of invisibility {unknown}
 x - a potion of curing
 B - a potion of berserk rage {unknown}


   Skills:
 * Level 9.3 Fighting
 + Level 4.5(4.9) Armour
 - Level 5.4 Dodging
 - Level 1.5 Stealth
 + Level 5.6 Spellcasting


You knew the following spells:

 Your Spells              Type           Power      Damage    Failure   Level
a - Foxfire               Conj/Fire      100%       2x1d9     3%          1
b - Scorch                Fire           64%        2d8       5%          2
c - Volatile Blastmotes   Fire/Tloc      64%        2d15      11%         3
d - Inner Flame           Hex/Fire       32%        N/A       11%         3
e - Flame Wave            Conj/Fire      32%        2d9       34%         4
f - Magic Dart            Conj           100%       1d8       3%          1
g - Static Discharge      Conj/Air       64%        2-5/arc   5%          2
h - Ignite Poison         Fire/Tmut/Pois 32%        N/A       11%         3
i - Petrify               Tmut/Erth      32%        N/A       34%         4
Your spell library was empty.

Dungeon Overview and Level Annotations

Branches:
Dungeon (7/15)             Temple (0/1) D:4

Altars:
Ashenzari
Fedhas
Nemelex Xobeh
Qazlal
Ru
Uskayaw
The Shining One

Shops:
D:1 [


Innate Abilities, Weirdness & Mutations

You are immune to sickness and miasma.
You are immune to poison.
Your flesh is very heat resistant. (rF++)
You are vulnerable to cold. (rC-)
You float through the air rather than walking.
You learn spells naturally, not from books.
Your magical power is your life essence.
You have superior vitality. (+4 MHP)


Message History

The gargoyle hits you but does no damage.
The gargoyle hurls a stone arrow at you.
The stone arrow hits you!!
The gargoyle hurls a stone arrow at you.
The stone arrow misses you.
There is an open door here.
You see here a +0 flail.
Casting: Volatile Blastmotes (dangerous; 11% risk of failure)
Confirm with . or Enter, or press ? or * to list all spells.
A cloud of volatile blastmotes flares up around you!
The gargoyle hurls a stone arrow at you.
The stone arrow misses you.
The cloud of blastmotes explodes!
The concussive blast engulfs the gargoyle but does no damage.
The concussive blast engulfs you. You resist.
You are knocked back by the blast.
Casting: Volatile Blastmotes (dangerous; 11% risk of failure)
Confirm with . or Enter, or press ? or * to list all spells.
You miscast Volatile Blastmotes.
You are very lightly contaminated with residual magic.
Nothing appears to happen.
There is an open door here.
The gargoyle attacks as you move away! The gargoyle hits you with a +0 mace!
* * * LOW HITPOINT WARNING * * *
The gargoyle hurls a stone arrow at you.
The stone arrow hits you!
* * * LOW HITPOINT WARNING * * *
There is an open door here.
You reach down and close the door.
A gargoyle opens the door.
Your magical contamination has completely faded away.
You reach down and close the door.
A gargoyle opens the door.
You reach down and close the door.
A gargoyle opens the door.
As you close the door, it creaks loudly!
A gargoyle opens the door.
You reach down and close the door.
A gargoyle breaks down the door.
As you read the scroll labelled WAATEJ USUOGOCK, it crumbles to dust.
You feel strangely unstable.
It was a scroll of teleportation.
The gargoyle hurls a stone arrow at you.
The stone arrow hits you!!
You die...

###.####.#..#####.#
......####### #.#
###.#.##...## ###.###
###.#.#.. '.#.#....#
∩
#..####'####..#####.#
####.......#... #.# .
#.⌠...⌠.##'#####)#
..##..⌠....##.888#..#
...'...⌠...#8.9.@')##
#....⌠..##.888###
#.)...⌠.##'####
#.†)....#...#
####)####..##
#....'.#.# ##...#####
#####


You could see a gargoyle.

Vanquished Creatures
  A hornet (D:7)
  A yak (D:7)
  A vampire mosquito (D:7)
  A steam dragon (D:6)
  Menkaure (D:4)
  Edmund (D:4)
  An ice beast (D:5)
  2 orc warriors (D:7)
  3 black bears
  3 ogres
  A centaur (D:7)
  2 phantoms (D:6)
  3 bullfrogs
  A scorpion (D:4)
  A jelly (D:6)
  4 hounds
  5 orc priests
  Natasha (thrice) (D:2)
  6 iguanas
  3 orc wizards
  8 adders
  3 white imps (D:6)
  An ufetubus (D:4)
  2 worms (D:2)
  A dart slug (D:2)
  28 orcs
  3 bats (D:2)
  8 endoplasms
  5 giant cockroaches
  8 goblins
  6 hobgoblins
  4 quokkas
  7 ball pythons
  7 frilled lizards
  4 kobolds
  7 rats
146 creatures vanquished.

Vanquished Creatures (collateral kills)
  3 foxfires (D:5)
3 creatures vanquished.

Vanquished Creatures (others)
  An orc (D:6)
  505 foxfires
506 creatures vanquished.

Grand Total: 655 creatures vanquished

Notes
Turn   | Place    | Note
-------+----------+-------------------------------------------
     0 | D:1      | Ivernyr the Djinni Fire Elementalist began the quest for
                  | the Orb.
     0 | D:1      | Ivernyr set off with the following spells memorised:
                  | Foxfire, Scorch, Volatile Blastmotes, Inner Flame, Flame
                  | Wave.
     0 | D:1      | Reached XP level 1. HP: 15/15 MP: 0/0
   158 | D:1      | Reached skill level 1 in Fighting
   158 | D:1      | Reached XP level 2. HP: 21/22 MP: 0/0
   239 | D:1      | Found Ruckasheu's Antique Armour Emporium.
   742 | D:1      | Reached XP level 3. HP: 25/27 MP: 0/0
   742 | D:1      | Learned a level 1 spell: Magic Dart
  1154 | D:2      | Noticed Natasha
  1387 | D:2      | Reached skill level 2 in Fighting
  1593 | D:2      | Reached XP level 4. HP: 30/33 MP: 0/0
  1857 | D:2      | Killed Natasha
  1962 | D:2      | Noticed Natasha
  1968 | D:2      | Killed Natasha
  1969 | D:2      | Reached skill level 3 in Fighting
  1969 | D:2      | Reached XP level 5. HP: 22/40 MP: 0/0
  1969 | D:2      | Learned a level 2 spell: Static Discharge
  2028 | D:2      | Noticed Natasha
  2032 | D:2      | Killed Natasha
  3208 | D:4      | Noticed Menkaure
  3221 | D:4      | Killed Menkaure
  3222 | D:4      | Reached skill level 4 in Fighting
  3222 | D:4      | Reached XP level 6. HP: 36/47 MP: 0/0
  3318 | D:4      | Identified the ring "Xiatonuv" {rElec rC- rN+ Dex+6}
  3334 | D:4      | Noticed Edmund
  3344 | D:4      | Killed Edmund
  3345 | D:4      | Reached XP level 7. HP: 42/53 MP: 0/0
  3345 | D:4      | Learned a level 3 spell: Ignite Poison
  3484 | D:4      | Reached skill level 5 in Fighting
  3630 | D:4      | Found a broken altar of Ashenzari.
  3644 | D:4      | Became a worshipper of Ashenzari the Shackled
  3737 | D:4      | Found a staircase to the Ecumenical Temple.
  3868 | D:5      | Entered Level 5 of the Dungeon
  3907 | D:5      | Reached skill level 5 in Dodging
  3907 | D:5      | Reached XP level 8. HP: 58/61 MP: 0/0
  3938 | D:5      | Found a sacrificial altar of Ru.
  3938 | D:5      | Found a glowing golden altar of the Shining One.
  4082 | D:5      | Reached skill level 6 in Fighting
  4346 | D:5      | Found a blossoming altar of Fedhas.
  4391 | D:5      | Reached skill level 1 in Armour
  4761 | D:6      | Found a hide-covered altar of Uskayaw.
  4839 | D:6      | Reached skill level 7 in Fighting
  5102 | D:6      | Found a sparkling altar of Nemelex Xobeh.
  5160 | D:6      | Found a stormy altar of Qazlal.
  5183 | D:6      | Reached XP level 9. HP: 63/68 MP: 0/0
  5183 | D:6      | Learned a level 4 spell: Petrify
  5194 | D:6      | Identified the +1 ring mail "Paump" {rF+++ rCorr Str-2
                  | Int+3}
  5507 | D:6      | Reached skill level 8 in Fighting
  5944 | D:6      | Reached skill level 5 in Spellcasting
  6492 | D:7      | Noticed a hornet
  6527 | D:7      | Killed a hornet
  6674 | D:7      | Reached skill level 9 in Fighting
  6951 | D:7      | Reached XP level 10. HP: 67/78 MP: 0/0
  6976 | D:7      | Noticed a gargoyle
  7001 | D:7      | Killed from afar by a gargoyle

Illustrated notes

Levels and vault maps discovered:
D:1:      psy_arrival_spokes, layout_basic, serial_shops,
          nicolae_shop_hallway_plus
D:2:      layout_loops_ring, minmay_misc_feat_x, minmay_fractal_squares_5,
          uniq_natasha
D:3:      layout_basic
D:4:      layout_rooms, mainiacjoe_overflow_24_doors, minmay_temple_entry_trees,
          uniq_menkaure, uniq_edmund
D:5:      layout_rooms, mainiacjoe_overflow_catwalk, kiku_gazebo_garden_becter,
          gammafunk_temple_overflow_elements
D:6:      layout_loops_ring, nicolae_qazlal_general_emergency,
          lemuel_coloured_pillars_altar, nemelex_diamond_rough_becter,
          serial_co_window_serial, co_window_paths_a, co_window_paths_a,
          co_window_of_opportunity_a, co_window_paths_b, co_window_paths_a,
          co_window_2corner, co_window_cross_3, co_window_corner_ca,
          glass_columns_c
D:7:      minmay_chambers_of_sevens, layout_loops_ring, enter_bailey_5,
          serial_shops, shop, uniq_pikel

Skill      XL: |  1  2  3  4  5  6  7  8  9 |
---------------+----------------------------+-----
Fighting       | 1 2 3 4 5 7 9 |  9.3
Dodging        | 3 4 5 |  5.4
Spellcasting   | 3 4 5 |  5.6
Armour         | 2 4 |  4.5
Stealth        | |  1.5

Action                     |  1- 3 |  4- 6 |  7- 9 | 10-12 || total
---------------------------+-------+-------+-------+-------++-------
  Melee: Unarmed           |     1 |       |     1 |       ||     2
         Dagger            |       |       |    20 |       ||    20
   Cast: Foxfire           |    63 |   112 |   187 |    13 ||   375
         Magic Dart        |       |     3 |       |       ||     3
         Scorch            |       |     6 |    28 |       ||    34
         Volatile Blastmot |       |       |    23 |     2 ||    25
         Ignite Poison     |       |       |     1 |       ||     1
         Flame Wave        |       |       |     1 |       ||     1
 Invoke: Curse Item        |       |       |     2 |       ||     2
         Shatter the Chain |       |       |     1 |       ||     1
    Use: Potion            |       |       |     5 |       ||     5
         Scroll            |       |       |       |     1 ||     1
 Armour: Robe              |     3 |     2 |     6 |       ||    11
         Ring mail         |       |       |    27 |     1 ||    28
         Skin              |       |       |    18 |       ||    18
  Dodge: Dodged            |    11 |    26 |    52 |     2 ||    91
